 Dungeon Crawl Stone Soup version 0.21.1-1-g345015f (webtiles) character file.

47 tidbits the Grave Robber (level 3, -6/25 HPs)
             Began as a Gnoll Necromancer on June 13, 2018.
             Killed from afar by tidbits's ghost (10 damage)
             ... with a spray of energy
             ... on level 4 of the Dungeon.
             The game lasted 00:05:12 (487 turns).

tidbits the Grave Robber (Gnoll Necromancer)         Turns: 487, Time: 00:05:12

Health: -6/25      AC:  2    Str:  7 (10) XL:     3   Next: 70%
Magic:  4/9        EV: 14    Int: 17 (18) God:
Gold:   59         SH:  0    Dex: 12 (15) Spells: 4/12 levels left

rFire    . . .     SeeInvis .   e - +0 short sword
rCold    . . .     Gourm    .   (no shield)
rNeg     . . .     Faith    .   a - +0 robe
rPois    .         Spirit   .   (no helmet)
rElec    .         Reflect  .   (no cloak)
rCorr    .         Harm     .   (no gloves)
MR       +....                  (no boots)
Stlth    +.........             (no amulet)
HPRegen  0.08/turn              l - ring of protection from magic
MPRegen  0.11/turn              (no ring)

@: confused, berserk cooldown, slowed, glowing, very slow
A: distributed training, fangs 1, strong nose
a: no special abilities


You were on level 4 of the Dungeon.
You were not hungry.

You visited 1 branch of the dungeon, and saw 4 of its levels.

You collected 59 gold pieces.

Inventory:

Hand Weapons
 d - a +0 club
 e - a +0 short sword (weapon)
 f - a +0 mace
 j - a +0 trident
Armour
 a - a +0 robe (worn)
 n - a +0 cloak
Jewellery
 l - a ring of protection from magic (left hand)
   (You found it on level 2 of the Dungeon)
Scrolls
 i - a scroll of amnesia {unknown}
 k - a scroll of enchant weapon {unknown}
 m - a scroll of enchant armour {unknown}
Potions
 h - a potion of degeneration
Books
 b - a book of Necromancy

   Spells                             Type                      Level
   a - Pain                           Necromancy                   1
   b - Animate Skeleton               Necromancy                   1
   c - Vampiric Draining              Necromancy                   3
   d - Regeneration                   Charms/Necromancy            3
   e - Animate Dead                   Necromancy                   4
   f - Borgnjor's Vile Clutch         Necromancy/Earth             5
Comestibles
 c - 4 rations


   Skills:
 + Level 0.9 Fighting
 + Level 0.9 Short Blades
 + Level 0.9 Long Blades
 + Level 0.9 Axes
 + Level 0.9 Maces & Flails
 + Level 0.9 Polearms
 + Level 0.9 Staves
 + Level 0.9 Slings
 + Level 0.9 Bows
 + Level 0.9 Crossbows
 + Level 0.9 Throwing
 + Level 0.9 Armour
 + Level 4.5 Dodging
 + Level 4.2 Stealth
 + Level 0.9 Shields
 + Level 0.9 Unarmed Combat
 + Level 5.0 Spellcasting
 + Level 0.6 Conjurations
 + Level 0.6 Hexes
 + Level 0.6 Charms
 + Level 0.6 Summonings
 + Level 7.1 Necromancy
 + Level 0.6 Translocations
 + Level 0.6 Transmutations
 + Level 0.6 Fire Magic
 + Level 0.6 Ice Magic
 + Level 0.6 Air Magic
 + Level 0.6 Earth Magic
 + Level 0.6 Poison Magic
 + Level 1.0 Invocations
 + Level 0.9 Evocations


You had 4 spell levels left.
You knew the following spells:

 Your Spells              Type           Power        Failure   Level  Hunger
a - Pain                  Necr           ####         1%          1    None
d - Vampiric Draining     Necr           ####......   2%          3    ###....
n - Animate Skeleton      Necr           N/A          1%          1    None
r - Regeneration          Chrm/Necr      ###.......   9%          3    ###....


Dungeon Overview and Level Annotations

Branches:
Dungeon (4/15)
 Temple: D:4-7

Altars:

Annotations:
D:4 tidbits's ghost, amateur GnEn


Innate Abilities, Weirdness & Mutations

Your experience applies equally to all skills.
You have very sharp teeth.
Your uncanny sense of smell can sniff out nearby items.


Message History

Things that are here:
a mace; a leather armour; an orc corpse
Found 8 gold pieces.
You see here a club.
Casting: Pain
Confirm with . or Enter, or press ? or * to list all spells.
Aiming: Pain
Press: ? - help, Shift-Dir - straight line, f - orc
Aim: an orc (hasn't noticed you, chance to defeat MR: 93%)
The orc shouts!
The orc writhes in agony!
Casting: Pain
Confirm with . or Enter, or press ? or * to list all spells.
Aiming: Pain
Press: ? - help, Shift-Dir - straight line, f/p - orc
Aim: an orc (heavily wounded, chance to defeat MR: 93%)
The orc writhes in agony!
You kill the orc!
Found a grey potion.
Found 10 gold pieces.
You see here 8 gold pieces.
You now have 49 gold pieces (gained 8).
You see here a grey potion.
g - a grey potion A kobold comes into view.
It is wielding a short sword.
The kobold shouts!
The kobold throws a stone.
The stone misses you.
Found a stone staircase leading down.
You see here a stone.
The kobold throws a stone.
The stone barely misses you.
A hobgoblin comes into view. It is wielding a club.
Casting: Pain
Confirm with . or Enter, or press ? or * to list all spells.
Aiming: Pain
Press: ? - help, Shift-Dir - straight line, f - kobold
Aim: a kobold, wielding a short sword (chance to defeat MR: 93%)
The kobold writhes in agony!
The hobgoblin shouts!
Casting: Pain
Confirm with . or Enter, or press ? or * to list all spells.
Aiming: Pain
Press: ? - help, Shift-Dir - straight line, f/p - kobold
Aim: a kobold, wielding a short sword (heavily wounded, chance to defeat MR: 93%)
The kobold writhes in agony!
You kill the kobold!
Casting: Pain
Confirm with . or Enter, or press ? or * to list all spells.
Aiming: Pain
Press: ? - help, Shift-Dir - straight line, f - hobgoblin
Aim: a hobgoblin, wielding a club (chance to defeat MR: 93%)
The hobgoblin barely resists.
Casting: Pain
Confirm with . or Enter, or press ? or * to list all spells.
Aiming: Pain
Press: ? - help, Shift-Dir - straight line, f/p - hobgoblin
Aim: a hobgoblin, wielding a club (chance to defeat MR: 93%)
The hobgoblin writhes in agony!
Casting: Pain
Confirm with . or Enter, or press ? or * to list all spells.
Aiming: Pain
Press: ? - help, Shift-Dir - straight line, f/p - hobgoblin
Aim: a hobgoblin, wielding a club (severely wounded, chance to defeat MR: 93%)
The hobgoblin writhes in agony!
You kill the hobgoblin!
You see here a club.
You see here 10 gold pieces.
You now have 59 gold pieces (gained 10).
Things that are here:
a short sword; a kobold corpse
There is a stone staircase leading down here.
Okay, then.
You climb downwards.
Found a cloak.
There is a stone staircase leading up here.
Unknown command.
Tidbits's ghost (amateur Gnoll Enchanter) comes into view.
You see here a cloak.
n - a cloak
Okay, then.
Okay, then.
Tidbits's ghost turns its malevolent gaze towards you.
Tidbits's ghost points at you and mumbles some strange words.
The spray of energy hits you!
* * * LOW HITPOINT WARNING * * *
You are confused.
Unknown command.
It was a potion of berserk rage.
A red film seems to cover your vision as you go berserk!
You feel yourself moving faster!
You feel mighty!
You feel a strong urge to attack something.
Tidbits's ghost points at you and mumbles some strange words.
You are outlined in light.
You feel your anger nearly subside.
You are no longer berserk.
You are exhausted.
You feel yourself slow down. Tidbits's ghost casts a spell at you.
You easily resist.
Tidbits's ghost gestures at you while chanting.
The spray of energy hits you!
You die...

######
##....###
##.......##
#.........##
#....<.....###
#............#
#......@.....#
#............#
#............#
#.W...........#
#.............#
#.............#
#.............#
#...........###


You could see tidbits's ghost.

Vanquished Creatures
  An adder (D:2)
  An ooze (D:2)
  A dart slug (D:2)
  5 orcs
  A giant cockroach (D:2)
  3 hobgoblins
  2 quokkas (D:2)
  3 bats
  2 frilled lizards (D:1)
  3 goblins
  2 kobolds
  3 rats (D:2)
27 creatures vanquished.

Notes
Turn   | Place    | Note
-------+----------+-------------------------------------------
     0 | D:1      | tidbits the Gnoll Necromancer began the quest for the Orb.
     0 | D:1      | Reached XP level 1. HP: 13/13 MP: 6/6
   101 | D:2      | Reached XP level 2. HP: 13/19 MP: 5/7
   104 | D:2      | Learned a level 1 spell: Animate Skeleton
   285 | D:3      | Reached XP level 3. HP: 15/25 MP: 2/9
   290 | D:3      | Learned a level 3 spell: Vampiric Draining
   294 | D:3      | Learned a level 3 spell: Regeneration
   296 | D:3      | Reached skill level 5 in Spellcasting
   352 | D:2      | HP: 2/25 [poisoned by an adder]
   363 | D:1      | HP: 2/25 [bat (1)]
   437 | D:3      | Reached skill level 1 in Invocations
   479 | D:4      | Noticed tidbits's ghost (amateur GnEn)
   487 | D:4      | Killed from afar by tidbits's ghost

Skill      XL: |  1  2  3 |
---------------+----------+-----
Spellcasting   | 5 |  5.0
Invocations    | 1 |  1.0
Fighting       | |  0.9
Short Blades   | |  0.9
Long Blades    | |  0.9
Axes           | |  0.9
Maces & Flails | |  0.9
Polearms       | |  0.9
Staves         | |  0.9
Slings         | |  0.9
Bows           | |  0.9
Crossbows      | |  0.9
Throwing       | |  0.9
Armour         | |  0.9
Dodging        | |  4.5
Stealth        | |  4.2
Shields        | |  0.9
Unarmed Combat | |  0.9
Conjurations   | |  0.6
Hexes          | |  0.6
Charms         | |  0.6
Summonings     | |  0.6
Necromancy     | |  7.1
Translocations | |  0.6
Transmutations | |  0.6
Fire Magic     | |  0.6
Ice Magic      | |  0.6
Air Magic      | |  0.6
Earth Magic    | |  0.6
Poison Magic   | |  0.6
Evocations     | |  0.9

Action                   || total
-------------------------++-------
Melee: Short sword       ||     8
 Cast: Pain              ||    40
  Use: Potion            ||     4
 Stab: Sleeping          ||     3
Armor: Robe              ||     1
Dodge: Dodged            ||    15

Table legend:
 A = Turns spent in this place as a percentage of turns spent in the entire game.
 B = Non-inter-level travel turns spent in this place as a percentage of non-inter-level travel turns spent in the entire game.
 C = Inter-level travel turns spent in this place as a percentage of turns spent in this place.
 D = Turns resting spent in this place as a percentage of non-inter-level travel turns spent in this place.
 E = Turns spent auto-exploring this place as a percentage of non-inter-level travel turns spent in this place.
 F = Non-inter-level travel turns spent in this place divided by the number of levels of this place that you've seen.
                   A       B       C       D       E      F
               +-------+-------+-------+-------+-------+----------------------
         Total | 100.0 | 100.0 |   0.0 |   0.0 |   0.0 | 121.8
       Dungeon | 100.0 | 100.0 |   0.0 |   0.0 |   0.0 | 121.8
               +-------+-------+-------+-------+-------+----------------------

Table legend:
 A = Kills in this place as a percentage of kills in entire the game.
 B = Kills by you in this place as a percentage of kills by you in the entire game.
 C = Kills by friends in this place as a percentage of kills by friends in the entire game.
 D = Other kills in this place as a percentage of other kills in the entire game.
 E = Experience gained in this place as a percentage of experience gained in the entire game.
 F = Experience gained in this place divided by the number of levels of this place that you have seen.
                   A       B       C       D       E      F
               +-------+-------+-------+-------+-------+----------------------
         Total | 100.0 | 100.0 |   N/A |   N/A | 100.0 |  17.0
       Dungeon | 100.0 | 100.0 |   N/A |   N/A | 100.0 |  17.0
               +-------+-------+-------+-------+-------+----------------------

Vault maps used:
D:1:      tarquinn_simple_flora_water_f, serial_forest,
          infiniplex_forest_lined_corner, infiniplex_forest_clump_long,
          infiniplex_forest_clump_double, infiniplex_forest_straight_1,
          infiniplex_forest_clump_long, infiniplex_forest_clump_long,
          infiniplex_forest_clump_cross, infiniplex_forest_corner_1,
          infiniplex_forest_clump_double, nemelex_xobeh_ov_fountains_minmay
D:2:      minmay_lizard_king
D:3:      minitemple
D:4:      first_ration, fedhas_altar_4, uniq_menkaure, uniq_sigmund
